AoeStats
← Bandolero

Black Forest

509902415Analyzed
4v4 RM · 2d ago on Sep 28, 2026· 51m 27s· 8 players
Game mode
Random Map
Map size
Large (8 player)
Population
200
Speed
Normal
Resources
Standard
Victory
Conquest
Starting age
Dark Age
Ending age
Imperial Age
RankedLock teamsTeams togetherTeam positionsShared explorationLock speedFull tech treeHidden civsTurbo modeCheats
Victory
Defeat
🇦🇷 Persians · Argentina
1868
+6
🇦🇷 Mongols · Argentina
1763
+9
🇦🇷 Teutons · Argentina
1666
+13
🇦🇷 Italians · Argentina
1584
+16
🇹🇼 Ethiopians · Taiwan
1691
-14
🇩🇪 Varangians · Germany
1628
-12
🇨🇱 Danes · Chile
1617
-11
🇨🇳 Italians · China
1490
-7
🦌 Jolly Jumper
0:46 Loom
11:37 Feudal Age
12:06 Arson
11:43 Man-at-Arms
12:31 Double-Bit Axe
14:19 Fletching
18:44 Fishing Lines
28:57 Castle Age
28:17 Gold Mining
28:21 Stone Mining
33:19 Imperial Age
30:52 Gillnets
31:15 Bow Saw
32:05 Squires
31:51 Gambesons
32:09 Scale Mail Armor
32:19 Forging
33:34 Chain Mail Armor
34:18 Iron Casting
33:34 Elite Varangian Guard
35:58 Horse Collar
38:29 Plate Mail Armor
39:08 Wheelbarrow
39:55 Blast Furnace
39:55 Heavy Plow
40:36 Conscription
41:16 Gothikon
43:26 Stone Shaft Mining
45:01 Coinage
44:41 Guilds
45:54 Caravan
46:46 Banking
48:14 Hand Cart
benja23
10:25 Feudal Age
10:52 Double-Bit Axe
11:14 Fishing Lines
18:45 Castle Age
20:02 Bow Saw
20:29 Wheelbarrow
24:09 Gold Mining
30:08 Imperial Age
27:57 Hand Cart
29:21 Gold Shaft Mining
28:36 Stone Mining
29:20 Scale Mail Armor
30:18 Chain Mail Armor
31:32 Plate Mail Armor
31:13 Forging
32:05 Pikeman
32:45 Squires
34:02 Stone Shaft Mining
34:08 Iron Casting
33:24 Elite Jomsviking
33:36 Halberdier
36:15 Blast Furnace
36:21 Conscription
35:30 Hamask
37:19 Onager
37:20 Capped Ram
38:49 Onager
38:50 Siege Ram
40:29 Coinage
39:47 Onager
41:58 Banking
41:46 Fletching
42:31 Horse Collar
44:49 Caravan
45:15 Bodkin Arrow
46:45 Masonry
47:37 Chemistry
48:12 Bracer
48:13 Padded Archer Armor
50:21 Ballistics
50:04 Heavy Mounted Crossbowman
50:49 Thumb Ring
50:06 Cranequins
D哥
2:03 Loom
10:13 Feudal Age
22:45 Fletching
31:12 Double-Bit Axe
42:29 Horse Collar
鼠條
12:28 Feudal Age
13:13 Double-Bit Axe
15:57 Castle Age
13:51 Fishing Lines
17:36 Wheelbarrow
18:30 Horse Collar
25:00 Husbandry
24:58 Loom
25:29 Hand Cart
27:36 Scale Barding Armor
27:41 Forging
30:05 Bow Saw
29:56 Gillnets
37:40 Imperial Age
35:14 Gold Mining
35:28 Fletching
35:41 Stone Mining
36:18 Thumb Ring
35:33 Crossbowman
37:32 Town Watch
37:50 Arbalester
39:07 Bodkin Arrow
39:12 Padded Archer Armor
40:35 Chemistry
39:56 Ballistics
40:42 Gold Shaft Mining
40:44 Stone Shaft Mining
40:32 Bracer
40:47 Leather Archer Armor
42:32 Elite Shotel Warrior
43:32 Conscription
43:45 Ring Archer Armor
43:50 Iron Casting
43:16 Scale Mail Armor
44:11 Siege Engineers
44:37 Coinage
44:18 Guilds
45:38 Masonry
47:24 Caravan
47:54 Banking
48:24 Chain Mail Armor
49:09 Blast Furnace
48:13 Royal Heirs
48:37 Torsion Engines
~BroKen~
2:17 Loom
9:31 Feudal Age
12:09 Fletching
19:12 Double-Bit Axe
30:40 Castle Age
29:17 Wheelbarrow
28:29 Horse Collar
28:32 Man-at-Arms
29:46 Scale Mail Armor
29:56 Forging
29:58 Gold Mining
30:57 Pikeman
31:42 Gambesons
32:43 Long Swordsman
33:45 Squires
33:30 Arson
39:08 Imperial Age
37:18 Hand Cart
39:01 Fishing Lines
41:35 Town Watch
42:37 Caravan
43:02 Bow Saw
42:59 Heavy Plow
43:48 Fortified Wall
43:49 Masonry
45:07 Scale Barding Armor
45:37 Iron Casting
46:33 Chain Barding Armor
45:35 Cavalier
46:26 Bloodlines
48:11 Blast Furnace
47:24 Paladin
48:42 Plate Barding Armor
Bandolero
0:27 Loom
11:59 Feudal Age
14:45 Fletching
21:10 Double-Bit Axe
25:21 Man-at-Arms
37:54 Castle Age
36:19 Stone Mining
40:47 Wheelbarrow
40:57 Horse Collar
42:03 Bow Saw
44:12 Hand Cart
43:43 Town Watch
45:10 Hand Cart
46:06 Heavy Plow
47:14 Gold Mining
48:28 Caravan
La Serpiente Emplumada
8:25 Feudal Age
9:59 Double-Bit Axe
9:55 Horse Collar
10:44 Bloodlines
14:42 Forging
18:02 Scale Barding Armor
19:51 Wheelbarrow
22:50 Castle Age
22:53 Light Cavalry
24:10 Iron Casting
23:56 Chain Barding Armor
26:32 Husbandry
26:36 Loom
26:36 Town Watch
30:08 Hand Cart
30:52 Hand Cart
31:24 Bow Saw
33:56 Gold Mining
34:14 Heavy Plow
38:57 Imperial Age
37:33 Thumb Ring
37:51 Ballistics
37:22 Fletching
37:33 Padded Archer Armor
37:49 Stone Mining
38:40 Gold Shaft Mining
38:52 Bodkin Arrow
39:12 Leather Archer Armor
39:58 Stone Shaft Mining
39:40 Masonry
39:51 Bracer
40:17 Parthian Tactics
40:55 Chemistry
39:51 Capped Ram
40:01 Elite Mangudai
41:02 Conscription
41:02 Drill
40:50 Siege Ram
Lea
11:49 Feudal Age
15:46 Castle Age
14:07 Double-Bit Axe
19:45 Bow Saw
20:42 Fishing Lines
21:57 Gold Mining
24:00 Gillnets
26:07 Wheelbarrow
26:16 Stone Mining
27:02 Gold Shaft Mining
27:43 Stone Shaft Mining
27:30 Hand Cart
30:02 Imperial Age
28:05 Scale Barding Armor
28:10 Forging
29:40 Chain Barding Armor
31:09 Iron Casting
31:19 Plate Barding Armor
30:37 Elite War Elephant
31:38 Conscription
32:54 Blast Furnace
32:07 Fletching
32:39 Ballistics
33:19 Chemistry
34:46 Two-Man Saw
34:52 Two-Man Saw
34:15 Loom
36:56 Bloodlines
36:47 Husbandry
37:26 Padded Archer Armor
38:32 Bodkin Arrow
38:49 Masonry
39:15 Hoardings
39:08 Caravan
41:43 Guilds
41:53 Leather Archer Armor
42:22 Coinage
42:08 Town Watch
44:05 Ring Archer Armor
44:06 Architecture
47:24 Banking
47:19 Horse Collar
Connection lost

Rejoining the realm…

Still unreachable

The connection could not be restored.

Session expired

The server has moved on; the page needs a fresh start.